 Dungeon Crawl Stone Soup version 0.27-a0-1513-g2aaa0cc67b (webtiles) character file.

Game seed: 3064249191068335179

520 Sobieck the Magician (level 7, -3/36 HPs)
             Began as a Deep Elf Conjurer on July 9, 2021.
             Was an Initiate of Cheibriados.
             Slain by a kobold brigand (8 damage)
             ... on level 5 of the Dungeon.
             The game lasted 00:06:36 (4008 turns).

Sobieck the Magician (Deep Elf Conjurer)            Turns: 4008, Time: 00:06:37

Health: -3/36      AC:  5    Str:  5    XL:     7   Next: 1%
Magic:  13/19      EV: 12    Int: 26    God:    Cheibriados [......]
Gold:   211        SH:  0    Dex: 14    Spells: 16/20 levels left

rFire    . . .     SeeInvis .   e - +0 short sword {short}
rCold    . . .     Faith    .   (no shield)
rNeg     . . .     Spirit   .   a - +0 robe
rPois    .         Reflect  .   u - +0 helmet
rElec    .         Harm     .   (no cloak)
rCorr    .         Rampage  .   l - +1 pair of gloves
Will     .....                  (no boots)
Stlth    ++........             (no amulet)
HPRegen  0.12/turn              (no ring)
MPRegen  0.16/turn              (no ring)

@: very slow
A: no striking features
a: Renounce Religion, Bend Time


You were on level 5 of the Dungeon.
You worshipped Cheibriados.
Cheibriados was noncommittal.
You visited 1 branch of the dungeon, and saw 6 of its levels.

You collected 211 gold pieces.


   Skills:
 - Level 2.4 Dodging
 - Level 2.4 Stealth
 + Level 7.4 Spellcasting
 + Level 7.2 Conjurations


You had 16 spell levels left.
You knew the following spells:

 Your Spells              Type           Power      Damage    Failure   Level
a - Magic Dart            Conj           100%       1d8       1%          1
b - Searing Ray           Conj           94%        3d6       1%          2
c - Corona                Hex            10%        N/A       6%          1

Your spell library contained the following spells:

 Spells                   Type           Power      Damage    Failure   Level
 Dazzling Flash           Conj/Hex       56%        N/A       4%          3
 Mephitic Cloud           Conj/Pois/Air  22%        N/A       7%          3
 Corpse Rot               Necr/Air       N/A        N/A       9%          2
 Ensorcelled Hibernation  Hex/Ice        18%        N/A       9%          2
 Fulminant Prism          Conj/Hex       14%        3d9       13%         4
 Iskenderun's Mystic Bla  Conj/Tloc      28%        2d7       13%         4
 Ignite Poison            Fire/Tmut/Pois 9%         N/A       19%         3
 Tukima's Dance           Hex            9%         N/A       19%         3
 Dispel Undead            Necr           9%         3d8       52%         4
 Bolt of Magma            Conj/Fire/Erth 11%        4d7       52%         5
 Death Channel            Necr           4%         N/A       100%        6

Inventory:

Hand Weapons
 e - a +0 short sword (weapon) {short}
   (You took it off a kobold on level 1 of the Dungeon)
 j - a +0 dagger {short}
   (You took it off a goblin on level 1 of the Dungeon)
 k - a +0 short sword {short}
   (You took it off a kobold on level 1 of the Dungeon)
Missiles
 c - 88 stones {throwing}
 f - 29 arrows
 g - 26 bolts
 B - 14 poisoned darts {throwing}
Armour
 a - a +0 robe (worn)
 l - a +1 pair of gloves (worn)
   (You found it on level 1 of the Dungeon)
 u - a +0 helmet (worn)
   (You found it on level 2 of the Dungeon)
Jewellery
 C - a +6 ring of dexterity
   (You found it on level 4 of the Dungeon)
Scrolls
 b - a scroll of noise {unknown}
 d - 2 scrolls of immolation {unknown}
 i - 3 scrolls of amnesia {unknown}
 m - 6 scrolls of identify {unknown}
 o - a scroll of magic mapping {unknown}
 s - 3 scrolls of fog {unknown}
 t - 2 scrolls of acquirement {unknown}
 w - a scroll of summoning {unknown}
 y - a scroll of silence {unknown}
 z - a scroll of vulnerability {unknown}
 A - a scroll of holy word {unknown}
 D - a scroll of enchant armour {unknown}
Potions
 h - a potion of lignification {unknown}
 n - 2 potions of heal wounds {unknown}
 p - a potion of attraction {unknown}
 q - 2 potions of invisibility {unknown}
 r - a potion of degeneration {unknown}
 v - a potion of flight {unknown}
 x - a potion of haste {unknown}

Dungeon Overview and Level Annotations

Branches:
Dungeon (6/15)
 Temple: D:4-7

Altars:
Cheibriados

Shops:
D:2

( ### ###.....
#...##..#.....##
.....<..#.......
#...##..+....... ###
..#.......####
..#.......#..#
#+#.......#..#
.......@K.#
.......#K.# ###
.......#).# ....
########..##.....
#.........)......
#####.........'......
#...#.........'.....$
#...'.........##.$...
#...#...##....# #....


You could see 2 kobold brigands.


Message History

There is a stone staircase leading down here.
You climb downwards.
There is a stone staircase leading up here.
You open the door.
There is an open door here.
D - a scroll labelled ANTURRYFAG You open the gate.
A kobold and 4 kobold brigands come into view.
A kobold brigand is wielding a +0 dagger and quivering poisoned darts.
A kobold brigand is wielding a +0 whip and quivering curare-tipped darts.
A kobold brigand is wielding a +1 dagger of protection and quivering poisoned darts.
A kobold brigand is wielding a +0 whip and quivering poisoned darts.
The kobold shouts!
The kobold brigand shouts!
You hear a shout!
The kobold brigand throws a poisoned dart.
The poisoned dart completely misses you.
A kobold comes into view. It is wielding a +0 club.
Unknown command.
The kobold brigand shouts! x2; You hear a shout!
Casting: Searing Ray (safe; 1% risk of failure)
Confirm with . or Enter, or press ? or * to list all spells.
Aiming: Searing Ray (safe; 1% risk of failure)
Press: ? - help, Shift-Dir - straight line, f - kobold brigand
Aim: a kobold brigand, wielding a +1 dagger of protection and quivering poisoned darts (77% to hit)
The searing ray hits the kobold brigand! (Press . to maintain the ray.)
The kobold brigand throws a poisoned dart.
The poisoned dart barely misses you.
A kobold comes into view.
It is wielding a +0 short sword. 😎 MP[-2]
You lost 2 mp, and now have 16/18 mp.
The kobold brigand throws a poisoned dart.
The poisoned dart hits you!
You are poisoned.
The kobold brigand hits you with a +0 whip. 😕 HP[-6]
You take 6 damage, and now have 26/32 hp.
You feel very sick. 😮 HP[-3]
You take 3 damage, and now have 23/32 hp.
You feel sick. 😮 HP[-1] MP[+1]
You take 1 damage, and now have 22/32 hp.
You open the door.
You feel sick.
The kobold brigand hits you with a +0 whip.
The kobold brigand hits you with a +1 dagger of protection.
* * * LOW HITPOINT WARNING * * *
😨 HP[-7]
You take 7 damage, and now have 15/32 hp.
MASSIVE DAMAGE!! (PAUSE)
You feel sick.
The kobold brigand throws a poisoned dart.
The poisoned dart barely misses you.
The kobold brigand hits you with a +1 dagger of protection.
* * * LOW HITPOINT WARNING * * *
There is an open door, spattered with blood here. 😨 HP[-3]
You take 3 damage, and now have 12/32 hp.
Casting: Searing Ray (safe; 1% risk of failure)
Confirm with . or Enter, or press ? or * to list all spells.
Aiming: Searing Ray (safe; 1% risk of failure)
Press: ? - help, Shift-Dir - straight line, f - kobold, p - kobold brigand
Aim: a kobold, wielding a +0 short sword and quivering stones (77% to hit)
The searing ray hits the kobold brigand! x2
The searing ray hits the kobold!
You kill the kobold!
Cheibriados appreciates the change of pace. (Press . to maintain the ray.)
You feel sick.
The kobold brigand closely misses you. 😨 HP[-1] MP[-2]
You take 1 damage, and now have 11/32 hp.
You lost 2 mp, and now have 15/18 mp.
The searing ray hits the kobold brigand.
You kill the kobold brigand!
Cheibriados appreciates the change of pace.
The searing ray hits the kobold!
You kill the kobold!
Cheibriados appreciates the change of pace.
The searing ray hits the kobold brigand!
You feel sick.
You are no longer poisoned.
The kobold brigand hits you with a +0 whip.
* * * LOW HITPOINT WARNING * * *
You have reached level 7! 😱 HP[-5] MP[-1]
You now have 36 max hp (+4).
You take 5 damage, and now have 6/36 hp.
The searing ray hits the kobold brigand.
The searing ray hits the kobold!
You kill the kobold!
Cheibriados thoroughly appreciates the change of pace.
The kobold brigand hits you with a +0 whip.
* * * LOW HITPOINT WARNING * * *
The kobold brigand closely misses you. 😱 HP[-1] MP[-1]
You take 1 damage, and now have 5/36 hp.
You lost 1 mp, and now have 13/19 mp.
The searing ray hits the kobold brigand! x2
You kill the kobold brigand!
Cheibriados appreciates the change of pace.
You finish channeling your searing ray.
The kobold brigand hits you but does no damage.
The kobold brigand hits you with a +0 whip!
You die...

Skill      XL: |  1  2  3  4  5  6 |
---------------+-------------------+-----
Spellcasting   | 4 5 6 7 |  7.4
Conjurations   | 5 6 7 |  7.2
Dodging        | |  2.4
Stealth        | |  2.4

Action                   |  1- 3 |  4- 6 |  7- 9 || total
-------------------------+-------+-------+-------++-------
Melee: Unarmed           |     2 |       |       ||     2
       Short sword       |     2 |     2 |       ||     4
 Cast: Magic Dart        |    70 |    65 |       ||   135
       Searing Ray       |     1 |    12 |       ||    13
Armor: Robe              |     4 |     5 |     1 ||    10
Dodge: Dodged            |    11 |    10 |     1 ||    22

Levels and vault maps discovered:
D:1:      lemuel_arrival_behind_the_door_small, layout_rooms,
          minmay_crystal_room, nrook_mini_vaults
D:2:      layout_basic, ebering_ecumenical_altar_webs, serial_shops, shop,
          hangedman_glass_garden, kennysheep_generic_room_12
D:3:      layout_loops_ring, chequers_serial_rivers_large_b, minmay_vboxes
D:4:      layout_basic, slow_altar_2, chequers_garden,
          minmay_misc_feat_secret_circle, hangedman_minor_gate_pass
D:5:      cheibrodos_fertilizer, layout_gridville, serial_shops,
          kennysheep_mini, dk_vineyard_2, nicolae_elemental_shop,
          chequers_serial_rivers_room_a
D:6:      layout_loops_corners, minmay_temple_entry_water_ring, uniq_edmund

Notes
Turn   | Place    | Note
-------+----------+-------------------------------------------
     0 | D:1      | Sobieck the Deep Elf Conjurer began the quest for the Orb.
     0 | D:1      | Reached XP level 1. HP: 10/10 MP: 6/6
     0 | D:1      | magus.rc [v1.9.6]
   160 | D:1      | Reached XP level 2. HP: 15/15 MP: 1/8
   270 | D:1      | Learned a level 2 spell: Searing Ray
   655 | D:1      | Reached skill level 4 in Spellcasting
   821 | D:1      | You add the spells Ignite Poison, Mephitic Cloud and Bolt
                  | of Magma to your library.
   971 | D:3      | Reached skill level 5 in Conjurations
   971 | D:3      | Reached XP level 3. HP: 19/19 MP: 6/10
  1115 | D:2      | Found a faded altar of an unknown god.
  1350 | D:2      | Found Gitiryng's Weapon Boutique.
  1951 | D:3      | Reached XP level 4. HP: 21/24 MP: 8/12
  2154 | D:3      | Reached skill level 5 in Spellcasting
  2663 | D:5      | Entered Level 5 of the Dungeon
  2895 | D:3      | You pick up a book of Maledictions and begin reading...
  2895 | D:3      | You add the spells Corona, Ensorcelled Hibernation and
                  | Tukima's Dance to your library.
  3023 | D:4      | You pick up a book of Maledictions and begin reading...
  3069 | D:4      | Reached skill level 6 in Conjurations
  3069 | D:4      | Reached XP level 5. HP: 28/28 MP: 11/15
  3137 | D:4      | Learned a level 1 spell: Corona
  3150 | D:4      | Reached skill level 6 in Spellcasting
  3545 | D:4      | Noticed an ogre
  3556 | D:4      | Killed an ogre
  3557 | D:4      | Reached XP level 6. HP: 32/32 MP: 10/17
  3749 | D:4      | Reached skill level 7 in Spellcasting
  3803 | D:4      | Reached skill level 7 in Conjurations
  3860 | D:4      | You pick up a book of Decay and begin reading...
  3860 | D:4      | You add the spells Corpse Rot, Dispel Undead and Death
                  | Channel to your library.
  3902 | D:4      | Found a snail-covered altar of Cheibriados.
  3940 | D:4      | Became a worshipper of Cheibriados the Contemplative
  4006 | D:5      | HP: 5/32 [kobold brigand (5)]
  4007 | D:5      | Reached XP level 7. HP: 6/36 MP: 14/19
  4008 | D:5      | Slain by a kobold brigand

Vanquished Creatures
  2 ogres (D:4)
  2 kobold brigands (D:5)
  An iron imp (D:4)
  2 orc priests (D:4)
  A hound (D:4)
  An orc wizard (D:4)
  A gnoll (D:4)
  5 adders
  3 worms
  A dart slug (D:3)
  2 orcs
  8 endoplasms
  2 giant cockroaches (D:3)
  6 goblins
  8 hobgoblins
  10 jackals
  2 quokkas
  3 ball pythons
  8 bats
  A frilled lizard (D:2)
  8 kobolds
  4 rats
81 creatures vanquished.

Vanquished Creatures (others)
  9 toadstools (D:5)
9 creatures vanquished.

Grand Total: 90 creatures vanquished

Table legend:
 A = Non-vault XP
 B = Vault XP
 C = Vault XP percentage of total XP
 D = Non-vault monster count
 E = Vault monster count
 F = Vault count percentage of total count
                 A         B        C        D         E       F
            +---------+---------+-------+---------+---------+-------
      Total |     420 |     416 |  49.8 |      60 |      21 |  25.9
            +---------+---------+-------+---------+---------+-------
        D:1 |      39 |       0 |   0.0 |      22 |       0 |   0.0
        D:2 |      48 |      14 |  22.6 |      13 |       1 |   7.1
        D:3 |      36 |      25 |  41.0 |      12 |       7 |  36.8
        D:4 |     297 |     187 |  38.6 |      13 |       8 |  38.1
        D:5 |       0 |     190 | 100.0 |       0 |       5 | 100.0
            +---------+---------+-------+---------+---------+-------

Illustrated notes

Table legend:
 A = Kills in this place as a percentage of kills in entire the game.
 B = Kills by you in this place as a percentage of kills by you in the entire game.
 C = Kills by friends in this place as a percentage of kills by friends in the entire game.
 D = Other kills in this place as a percentage of other kills in the entire game.
 E = Experience gained in this place as a percentage of experience gained in the entire game.
 F = Experience gained in this place divided by the number of levels of this place that you have seen.
                   A       B       C       D       E      F
               +-------+-------+-------+-------+-------+----------------------
         Total | 100.0 | 100.0 |   N/A |   N/A | 100.0 | 139.3
       Dungeon | 100.0 | 100.0 |   N/A |   N/A | 100.0 | 139.3
               +-------+-------+-------+-------+-------+----------------------

Table legend: (Time is in decaauts)
 A = Elapsed time spent in this place.
 B = Non-inter-level travel time spent in this place.
 C = Inter-level travel time spent in this place.
 D = Time resting spent in this place.
 E = Time spent auto-exploring this place.
 F = Levels seen in this place.
 G = Mean time per level.
                   A        B        C        D        E       F      G
               +--------+--------+--------+--------+--------+-----+--------+
         Total |   4065 |   3804 |    261 |    309 |   3092 |   6 |  677.5 |
       Dungeon |   4065 |   3804 |    261 |    309 |   3092 |   6 |  677.5 |
               +--------+--------+--------+--------+--------+-----+--------+

Top non-repeatable levels by time:
     D:2: 1078 daAuts
     D:3: 988 daAuts
     D:4: 985 daAuts
     D:1: 955 daAuts
     D:5: 55 daAuts
     D:6: 1 daAuts
